 Dungeon Crawl Stone Soup version 0.26.0-15-gc6cd9f7 (webtiles) character file.

Game seed: 18079605732884321117

5609 MercyWheel the Cleaver (level 10, 0/91 HPs)
             Began as a Deep Dwarf Fighter on Jan 15, 2021.
             Was a Believer of Makhleb.
             Slain by a two-headed ogre
             ... wielding a +0 giant club
              (20 damage)
             ... on level 10 of the Dungeon on Jan 16, 2021.
             The game lasted 00:38:56 (8454 turns).

MercyWheel the Cleaver (Deep Dwarf Fighter)         Turns: 8454, Time: 00:38:57

Health: 0/91       AC:  8    Str: 21    XL:     10   Next: 45%
Magic:  8/8        EV: 13    Int: 10    God:    Makhleb [**....]
Gold:   554        SH: 13    Dex: 13    Spells: 9/9 levels left

rFire    . . .     SeeInvis .   a - +1 war axe
rCold    . . .     Faith    .   c - +1 kite shield
rNeg     + . .     Spirit   .   j - +0 steam dragon scales
rPois    .         Reflect  .   h - +0 helmet
rElec    .         Harm     .   U - scarf {repulsion}
rCorr    .         Rampage  .   Q - +0 pair of gloves
Will     ++...                  (no boots)
Stlth    +.........             (no amulet)
HPRegen  0.00/turn              G - ring of willpower
MPRegen  0.11/turn              W - ring of positive energy

@: non-regenerating, repel missiles
A: damage resistance, heal wounds, sense surroundings 2, no regeneration
a: Heal Wounds, Renounce Religion, Minor Destruction


You were on level 10 of the Dungeon.
You worshipped Makhleb.
Makhleb was pleased with you.
You visited 1 branch of the dungeon, and saw 10 of its levels.

You collected 554 gold pieces.

Inventory:

Hand Weapons
 a - a +1 war axe (weapon)
 b - a +2 hand crossbow of freezing
 f - a cursed +0 spear
 E - the +1 long sword of Heickeco {holy, *Noise rPois Will+ Int+3 SInv}
   (You found it on level 5 of the Dungeon)

   It has been blessed by the Shining One to cause great damage to the undead
   and demons.
   It affects your intelligence (+3).
   It protects you from poison.
   It affects your willpower, your defense against some magical effects.
   It lets you see invisible.
   It may make noises in combat.
 I - a +0 hand crossbow
Missiles
 K - 17 sling bullets
 V - 53 bolts
Armour
 c - a +1 kite shield (worn)
 h - a +0 helmet (worn)
 j - +0 steam dragon scales (worn)
 x - a +2 robe of willpower
 C - a +0 cloak
 D - a +0 plate armour
 J - a scarf of shadows
 N - a +0 ring mail of willpower
 Q - a +0 pair of gloves (worn)
 U - a scarf of repulsion (worn)
Jewellery
 m - an uncursed ring of protection from fire
 o - a +6 ring of intelligence
 F - an uncursed ring of magical power
 G - a ring of willpower (left hand)
 L - an uncursed ring of magical power
 W - a ring of positive energy (right hand)
 Z - an uncursed ring of flight {unknown}
Wands
 l - a wand of paralysis (8)
 n - a wand of disintegration (10)
 M - a wand of random effects (6)
 R - a wand of polymorph (6)
 S - a wand of enslavement (9)
 T - a wand of digging (7)
 X - a wand of iceblast (8)
Scrolls
 e - 6 scrolls of teleportation
 g - a scroll of enchant armour
 i - a scroll of enchant weapon
 k - 4 scrolls of identify
 q - a scroll of noise
 t - 2 scrolls of remove curse
 u - 3 scrolls of amnesia
 y - 5 scrolls of magic mapping
 P - a scroll of fear {unknown}
Potions
 d - 2 potions of might
 r - 7 potions of brilliance
 s - a potion of cancellation {unknown}
 v - a potion of invisibility {unknown}
 w - 4 potions of curing {unknown}
 z - 2 potions of mutation {unknown}
 A - a potion of heal wounds {unknown}
 B - a potion of flight {unknown}
 H - 2 potions of attraction {unknown}
 O - a potion of haste {unknown}
 Y - a potion of degeneration {unknown}


   Skills:
 - Level 6.0 Fighting
 - Level 10.1 Axes
 - Level 6.0 Armour
 - Level 4.5 Dodging
 + Level 9.7 Shields
 - Level 2.8 Invocations
 - Level 5.1 Evocations


You had 9 spell levels left.
You didn't know any spells.
Your spell library contained the following spells:

 Spells                   Type           Power        Failure   Level
 Animate Skeleton         Necr           0%           58%         1
 Apportation              Tloc           0%           58%         1
 Corona                   Hex            0%           58%         1
 Summon Small Mammal      Summ           0%           58%         1


Dungeon Overview and Level Annotations

Branches:
Dungeon (10/15)            Temple (0/1) D:7            Lair (0/6) D:10
    Orc: D:9-12

Altars:
Ashenzari
Cheibriados
Dithmenos
Gozag
Hepliaklqana
Makhleb
Okawaru
Ru
Sif Muna
Trog
Uskayaw
Vehumet
Yredelemnul

Shops:
D:8 *

Annotations:
D:3 exclusion: downstairs
D:5 1 runed translucent door, exclusion: 2 downstairs, lyrin's ghost, novice KoTm
D:9 exclusion: downstairs
D:10 2 transporters, Ghali8's ghost, journeyman GnCj


Innate Abilities, Weirdness & Mutations

You are resistant to damage.
You can heal yourself by infusing magical energy.
You passively map the area around you.
You do not regenerate.


Message History

The two-headed ogre closely misses you. You block the two-headed ogre's attack.
You hit the two-headed ogre.
The two-headed ogre is severely wounded.
The two-headed ogre completely misses you.
The two-headed ogre barely misses you.
You barely miss the two-headed ogre.
The two-headed ogre is severely wounded.
You hit the two-headed ogre but do no damage.
The two-headed ogre is severely wounded.
You block the two-headed ogre's attack. x2
You hit the two-headed ogre.
The two-headed ogre is severely wounded.
You block the two-headed ogre's attack.
The two-headed ogre hits you with a +0 dire flail!
You barely miss the two-headed ogre.
The two-headed ogre is severely wounded.
The two-headed ogre hits you with a +0 giant club!!
* * * LOW HITPOINT WARNING * * *
The two-headed ogre hits you with a +0 dire flail!!
You die...

..P...†........) , *
.........#####.. , ,*
.............####, , *
................###, *
, .....PP...........##
* * , ,
...P...............#,
*, *
........########...##,*
........# #....# * ,
........# #@...# , ,,*
...P....# #O...## ,, **
........# #.....# * , ,
.P......# #..(..# , , ,
* #...(.# * , ,
#.....#, ,,,, , , , * *
#......, ,, , ,
.......... ,, ,, , , ,
, ...######..


You could see a two-headed ogre.

Vanquished Creatures
  2 two-headed ogres
  A komodo dragon (D:10)
  Prince Ribbit (D:7)
  A hornet (D:8)
  A steam dragon (D:10)
  5 water moccasins (D:10)
  An ice beast (D:9)
  An orc warrior (D:7)
  2 sky beasts
  6 ogres
  A phantom (D:8)
  2 centaurs
  4 bullfrogs
  4 scorpions
  4 killer bees
  4 wights
  A howler monkey (D:9)
  A centaur zombie (D:7)
  A bullfrog skeleton (D:9)
  2 jellies
  A centaur skeleton (D:9)
  A quasit (D:9)
  Crazy Yiuf (D:3)
  2 orc priests (D:6)
  3 hounds
  Jessica (D:3)
  An iguana (D:8)
  7 orc wizards
  6 worker ants
  2 hound skeletons
  Robin (D:3)
  9 adders
  5 gnolls (D:7)
  8 white imps
  3 ufetubi
  An ooze (D:1)
  An adder zombie (D:6)
  An adder skeleton (D:4)
  3 worms
  4 dart slugs
  9 leopard geckos
  35 orcs
  4 giant cockroaches
  19 goblins
  10 hobgoblins
  9 jackals
  4 kobolds
  2 quokkas
  7 ball pythons
  11 bats
  6 frilled lizards
  A giant cockroach zombie (D:6)
  6 rats
229 creatures vanquished.

Vanquished Creatures (others)
  A giant cockroach (D:6)
  35 fungi (D:10)
  37 plants
  A withered plant (D:4)
74 creatures vanquished.

Grand Total: 303 creatures vanquished

Notes
Turn   | Place    | Note
-------+----------+-------------------------------------------
     0 | D:1      | MercyWheel the Deep Dwarf Fighter began the quest for the
                  | Orb.
     0 | D:1      | Reached XP level 1. HP: 20/20 MP: 1/1
   138 | D:1      | Reached skill level 3 in Axes
   147 | D:1      | Reached XP level 2. HP: 27/27 MP: 2/2
   545 | D:1      | Reached XP level 3. HP: 22/33 MP: 3/3
   572 | D:1      | Reached skill level 4 in Axes
   925 | D:2      | Reached XP level 4. HP: 19/40 MP: 4/4
  1048 | D:2      | Found an iron altar of Okawaru.
  1099 | D:2      | Reached skill level 5 in Axes
  1156 | D:2      | Found a broken altar of Ashenzari.
  1506 | D:3      | Found a sacrificial altar of Ru.
  1668 | D:3      | Noticed Jessica
  1677 | D:3      | Killed Jessica
  1678 | D:3      | Reached XP level 5. HP: 31/46 MP: 5/5
  1788 | D:3      | Reached skill level 6 in Axes
  1812 | D:3      | Noticed Robin
  1823 | D:3      | Killed Robin
  2144 | D:3      | Found a runed translucent door.
  2145 | D:3      | Noticed Crazy Yiuf
  2155 | D:3      | Killed Crazy Yiuf
  2434 | D:4      | Found a snail-covered altar of Cheibriados.
  2449 | D:4      | Noticed an ogre
  2671 | D:4      | Reached XP level 6. HP: 31/56 MP: 6/6
  2701 | D:4      | Found a basalt altar of Yredelemnul.
  2908 | D:4      | Found a bloodstained altar of Trog.
  2943 | D:4      | Reached skill level 7 in Axes
  3025 | D:5      | Entered Level 5 of the Dungeon
  3098 | D:5      | Got a glimmering long sword
  3123 | D:4      | Identified the +1 long sword of Heickeco {holy, *Noise
                  | rPois Will+ Int+3 SInv} (You found it on level 5 of the
                  | Dungeon)
  3142 | D:5      | Found a runed translucent door.
  3381 | D:5      | Noticed lyrin's ghost (novice KoTm)
  3398 | D:5      | Reached XP level 7. HP: 15/62 MP: 6/6
  3629 | D:4      | Reached skill level 8 in Axes
  3632 | D:4      | Reached skill level 1 in Dodging
  3768 | D:5      | Found a hazy altar of Hepliaklqana.
  3768 | D:5      | Found a hide-covered altar of Uskayaw.
  4100 | D:6      | Found a burning altar of Makhleb.
  4108 | D:6      | Became a worshipper of Makhleb the Destroyer
  4386 | D:6      | Found a faded altar of an unknown god.
  4390 | D:6      | Found a radiant altar of Vehumet.
  4392 | D:6      | Found a shimmering blue altar of Sif Muna.
  4394 | D:6      | Found a faded altar of an unknown god.
  4397 | D:6      | Found an opulent altar of Gozag.
  4706 | D:6      | Reached skill level 1 in Evocations
  4916 | D:6      | Reached XP level 8. HP: 25/69 MP: 7/7
  5145 | D:7      | Found a shadowy altar of Dithmenos.
  5304 | D:7      | Reached * piety under Makhleb
  5365 | D:7      | Noticed Prince Ribbit
  5373 | D:7      | Killed Prince Ribbit
  5374 | D:7      | Reached skill level 5 in Evocations
  5463 | D:7      | Found a staircase to the Ecumenical Temple.
  5984 | D:7      | Reached skill level 5 in Fighting
  6110 | D:7      | Gained mutation: You passively map the area around you.
                  | [Deep Dwarf growth]
  6110 | D:7      | Reached XP level 9. HP: 19/81 MP: 9/9
  6293 | D:8      | Found Icwinn Okool's Demolitions Depot.
  6359 | D:8      | Reached skill level 9 in Axes
  6366 | D:8      | Reached skill level 5 in Armour
  6814 | D:9      | Reached skill level 5 in Shields
  6848 | D:9      | Noticed a two-headed ogre
  6856 | D:9      | Killed a two-headed ogre
  7152 | D:9      | Reached ** piety under Makhleb
  7970 | D:9      | Reached XP level 10. HP: 71/91 MP: 8/8
  8137 | D:10     | Entered Level 10 of the Dungeon
  8137 | D:10     | Found a transporter.
  8137 | D:10     | Noticed an orc knight
  8215 | D:10     | Noticed Ghali8's ghost (journeyman GnCj)
  8216 | D:10     | Noticed a two-headed ogre
  8233 | D:10     | Found a transporter.
  8263 | D:10     | Noticed a two-headed ogre
  8281 | D:10     | Reached skill level 10 in Axes
  8294 | D:10     | Killed a two-headed ogre
  8343 | D:10     | Found a staircase to the Lair.
  8434 | D:10     | Noticed a two-headed ogre
  8454 | D:10     | Slain by a two-headed ogre

Illustrated notes

Levels and vault maps discovered:
D:1:      sevenhm_arrival_forest_fort_large_2, layout_basic
D:2:      layout_basic, ashenzari_altar_1, marbit_many_paths
D:3:      layout_basic, general_overflow_altar, minmay_shallow_snake_nest,
          uniq_jessica, uniq_robin, uniq_crazy_yiuf_cottage
D:4:      layout_basic, old_standard_altar, yredelemnul_altar_generic,
          serial_glass, glass_columns_b, glass_columns_c, glass_columns_a,
          glass_columns_b, glass_columns_b, glass_columns_c, glass_columns_a,
          glass_columns_a, glass_columns_b, glass_columns_b, glass_columns_a,
          glass_columns_b, glass_columns_c, glass_columns_b,
          kennysheep_slug_shrine
D:5:      layout_gridville, gammafunk_temple_overflow_elements,
          ebering_ghost_reflecting_pool
D:6:      layout_loops_ring, nicolae_overflow_crystal_walls,
          chequers_temple_overflow_minitemple, chequers_serial_rivers_small_3,
          serial_bayou_pond_a
D:7:      layout_gridville, kennysheep_mini_moat, minmay_temple_entry_statues,
          grunt_ministairs_3, corexii_corridor_pit, uniq_prince_ribbit1
D:8:      layout_cave_pools, grunt_ministairs_1, minmay_misc_feat_plants,
          nicolae_blasting_shop, minivault_24
D:9:      layout_basic
D:10:     minmay_general_purpose_star, layout_irregular_city,
          due_lair_maze_entry_diamond, gammafunk_ghost_arena

Skill      XL: |  1  2  3  4  5  6  7  8  9 10 |
---------------+-------------------------------+-----
Axes           | 3 4 5 6 7 8 9 10 | 10.1
Fighting       | 3 5 6 |  6.0
Armour         | 4 6 |  6.0
Dodging        | 4 |  4.5
Evocations     | 4 5 |  5.1
Shields        | 4 7 9 |  9.7
Invocations    | 2 |  2.8

Action                   |  1- 3 |  4- 6 |  7- 9 | 10-12 || total
-------------------------+-------+-------+-------+-------++-------
Melee: War axe           |   121 |   230 |   406 |    96 ||   853
       Long sword        |       |       |     7 |       ||     7
 Fire: Hunting sling     |       |       |     9 |       ||     9
       Hand crossbow     |       |       |    14 |    12 ||    26
 Abil: Heal Wounds       |       |     5 |    15 |     1 ||    21
Evoke: Wand              |       |       |    18 |     2 ||    20
  Use: Scroll            |       |     2 |    11 |       ||    13
 Stab: Paralysed         |       |       |    15 |     6 ||    21
Armor: Scale mail        |    46 |    64 |    57 |       ||   167
       Plate armour      |    16 |       |       |       ||    16
       Robe              |       |    26 |       |       ||    26
       Ring mail         |       |       |    63 |    24 ||    87
Dodge: Dodged            |    34 |    67 |   142 |    31 ||   274
Block: Kite shield       |    71 |   112 |   223 |    66 ||   472
       Rpst.: Long sword |       |       |     1 |       ||     1
